 Dungeon Crawl Stone Soup version 0.17.0-28-g6e173f8 (webtiles) character file.

95 PossumBlood the Magician (level 4, -16/27 HPs)
             Began as an Octopode Wizard on Dec 3, 2015.
             Demolished by an ogre
             ... wielding a +0 giant club
              (23 damage)
             ... on level 3 of the Dungeon.
             The game lasted 00:12:27 (3177 turns).

PossumBlood the Magician (Octopode Wizard)          Turns: 3177, Time: 00:12:27

Health: -16/27     AC:  1    Str:  6    XL:     4   Next: 66%
Magic:  7/10       EV: 12    Int: 21    God:
Gold:   92         SH:  0    Dex: 10    Spells: 1 memorised, 11 levels left

rFire  + . .     SeeInvis .     (no weapon)
rCold  . . .     Clarity  .     (no shield)
rNeg   . . .     SustAt   .     a - +0 hat
rPois  .         Gourm    .     (no amulet)
rElec  .         Spirit   .     e - ring of protection from fire
rCorr  .         Warding  .     (no ring)
rMut   .         Stasis   .     (no ring)
MR     .....                    (no ring)
Stlth  +++.......               (no ring)
                                (no ring)
                                (no ring)
                                (no ring)

@: not resistant to hostile enchantments, fairly stealthy
A: almost no armour, amphibious, 8 rings, constrict 8, camouflage 1, gelatinous
body 1
a: no special abilities


You were on level 3 of the Dungeon.
You were not hungry.

You visited 1 branch of the dungeon, and saw 3 of its levels.

You collected 92 gold pieces.

Inventory:

Armour
 a - a +0 hat (worn)
Jewellery
 e - a ring of protection from fire (left tentacle)
Scrolls
 f - a scroll of amnesia {unknown}
 g - 4 scrolls of identify {unknown}
 i - a scroll of fog {unknown}
 k - a scroll of enchant armour {unknown}
Potions
 d - 2 potions of haste {unknown}
 h - a potion of flight {unknown}
 j - a potion of brilliance {unknown}
Books
 b - a book of Minor Magic

   Spells                             Type                      Level
   a - Magic Dart                     Conjuration                  1
   b - Blink                          Translocation                2
   c - Call Imp                       Summoning                    2
   d - Repel Missiles                 Charms/Air                   2
   e - Slow                           Hexes                        2
   f - Conjure Flame                  Conjuration/Fire             3
   g - Mephitic Cloud                 Conjuration/Poison/Air       3
Comestibles
 c - a fruit
 l - 2 bread rations


   Skills:
 - Level 2.0 Dodging
 - Level 2.6 Stealth
 + Level 4.6 Spellcasting
 + Level 2.0 Conjurations
   Level 1.0 Summonings
   Level 1.0 Translocations


You had 11 spell levels left.
You knew the following spells:

 Your Spells              Type           Power        Failure   Level  Hunger
a - Magic Dart            Conj           ##..         6%          1    None


Dungeon Overview and Level Annotations

Branches:
Dungeon (3/15)

Altars:
The Shining One


Innate Abilities, Weirdness & Mutations

You cannot wear most types of armour.
You are amphibious.
You can wear up to eight rings at the same time.
You can use your tentacles to constrict eight enemies at once.
Your skin changes colour to match your surroundings (Stealth).
Your rubbery body absorbs attacks (AC +1).


Message History

Casting: Magic Dart
Confirm with . or Enter, or press ? or * to list all spells.
Aiming: Magic Dart
Press: ? - help, Shift-Dir - straight line, f/p - ogre
Aim: an ogre, wielding a giant club (lightly wounded)
The magic dart hits the ogre.
The ogre is moderately wounded.
The ogre hits you with a giant club!!
Ouch! That really hurt!
* * * LOW HITPOINT WARNING * * *
Casting: Magic Dart
Confirm with . or Enter, or press ? or * to list all spells.
Aiming: Magic Dart
Press: ? - help, Shift-Dir - straight line, f/p - ogre
Aim: an ogre, wielding a giant club (moderately wounded)
The magic dart hits the ogre.
The ogre is moderately wounded.
The ogre hits you with a giant club!!
Ouch! That really hurt!
You die...

######## ....... #...?.
# #.... .##### ...
..... #O# #.#.##@#
#.._...######
###.#†......# ########
#..######.###.......
##....<#.......#
###....#.#.##..#
.........>#.##..####.#
...##.(..#.#.#........#
... #.).(#.#.#.########


You could see an ogre.

Vanquished Creatures
  3 adders
  A giant gecko (D:1)
  12 bats
  2 giant cockroaches
  11 hobgoblins
  10 jackals
  7 kobolds
  4 giant newts
  5 goblins
  A quokka (D:2)
  6 rats
62 creatures vanquished.

Notes
Turn   | Place    | Note
--------------------------------------------------------------
     0 | D:1      | PossumBlood the Octopode Wizard began the quest for the Orb.
     0 | D:1      | Reached XP level 1. HP: 11/11 MP: 4/4
   289 | D:1      | Reached XP level 2. HP: 13/17 MP: 0/6
   968 | D:1      | Reached XP level 3. HP: 19/21 MP: 0/8
  1190 | D:1      | Reached skill level 4 in Spellcasting
  2155 | D:2      | Reached XP level 4. HP: 27/27 MP: 3/10
  2959 | D:3      | Found a glowing golden altar of the Shining One.
  3172 | D:3      | Noticed an ogre
  3177 | D:3      | Demolished by an ogre

Action                   |  1- 3 |  4- 6 || total
-------------------------+-------+-------++-------
Melee: Unarmed           |    25 |     6 ||    31
 Cast: Magic Dart        |   106 |    53 ||   159
  Eat: Bread ration      |     1 |     1 ||     2
